Unix NetHack Version 5.0.0-0 post-release - last build May 31 2026 23:59:36 (970b52f25bf058293b47ddfd14a1e40e571c508c,branch:main).

Game began 2026-06-03 16:07:29, ended 2026-06-09 18:57:45.

DrabEmordnilap, lawful male human Knight

 -----------------------------------------------------------------------
 |.....|}}}}}}}}}.............................................}}}}}}}}}|
 |.---.|}-------}}}}}}}}}}}}}}}}}}}}}}}}}}}}}}}}}}}}}}}}}}}}}}}-------}|
 |.|.|.|}|.... |-----------------------------------------------| ....|}|
 |.|.|.|}|.....-.......................@.......................-.....|}|
 |.|*|.|}-------------------------------T-----------------------------}|
 |.|.|.|}}}}}}|........|      2224+...........|*******-.-)))))))|}}}}}}--
 |.|`..|.....}|........|      2222|....1......|1******|.|)))))))|}.......
 |.----|.....}|_....%..|----------|...........|--------%--------|}.....--
 |.....|/...`}...%{%%)))..))[)))%.%%........\.%.^...^...^...^..^-......|
 |*---.|.....}|.).%%.).|----------|...........|--------%--------|}.....|
 |...|.......}|........|        22|...........|[[[.[[[|.|.......|}.....|
 |--.|--}}}}}}|........|          +...........|[[.[[[.-.-%......|}}}}}}|
 |$|.| |}---------------          ------.-----------------------------}|
 |.|.| |}|                              .                            |}|
 |*.`| |}|     -------------------------------------------------     |}|
 |%--- |}-------}}}}}}}}}}}}}}}}}}}}}}}}}}}}}}}}}}}}}}}}}}}}}}}-------}|
 |`<...|}}}}}}}}}.....................................%.......}}}}}}}}}|
  ----------------------------------------------------------------------
DrabEmordnilap the Sergeant  St:18 Dx:11 Co:17 In:11 Wi:19 Ch:17  Lawful
Dlvl:27 $:0  HP:0(106) Pw:109(109) AC:-18 Xp:12 T:21213  Satiated Fly

Latest messages:
 You destroy the invisible lich!
 You hit the water elemental!
 You hit the water elemental!
 The water elemental misses!
 You hit the water elemental!
 You hit the water elemental.
 The water elemental hits!
 You hit the water elemental!
 You kill the water elemental!
 The ogre king thrusts his short sword.
 The ogre king just misses!
 You hit the ogre king!
 You miss the ogre king.
 The ogre king thrusts his short sword.
 The ogre king hits!
 The ogre king thrusts his short sword.
 The ogre king misses!
 You hit the ogre king!
 You miss the ogre king.
 The ogre king thrusts his short sword.
 The ogre king hits!
 You kill the ogre king!
 You miss the Olog-hai.
 You miss the Olog-hai.
 You hit the Olog-hai!
 You miss the Olog-hai.
 The Olog-hai swings his long sword.
 The Olog-hai hits!
 The Olog-hai hits!
 The Olog-hai bites!
 You miss the Olog-hai.
 You miss the Olog-hai.
 You hit the Olog-hai!
 You miss the Olog-hai.
 The Olog-hai swings his long sword.
 The Olog-hai just misses!
 The Olog-hai misses!
 The Olog-hai bites!
 You hit the Olog-hai!
 You hit the Olog-hai!
 The Olog-hai swings his long sword.
 The Olog-hai hits!
 The Olog-hai hits!
 The Olog-hai bites!
 You die...
 Do you want your possessions identified? [ynq] (y) y
 Do you want to see your attributes? [ynq] (y) y
 Do you want an account of creatures vanquished? [ynaq] (y) y
 Do you want to see your conduct and achievements? [ynq] (y) y
 Do you want to see the dungeon overview? [ynq] (y) y

Inventory:
 Amulets  ('"')
  Q - an uncursed amulet of flying (being worn)
 Weapons  (')')
  O - the blessed rustproof +6 Excalibur (wielded in right hand)
  b - a +0 silver saber (wielded in left hand)
 Armor    ('[')
  x - a blessed greased +4 helm of brilliance (being worn)
  k - a blessed +3 pair of leather gloves (being worn)
  U - an uncursed burnt +0 pair of high boots (being worn)
  m - a blessed +3 elven cloak (being worn)
  W - a blessed +1 white dragon scale mail (being worn)
 Scrolls  ('?')
  X - an uncursed scroll of blank paper
  P - an uncursed scroll of teleportation
 Potions  ('!')
  Y - a cursed potion of invisibility
  S - an uncursed potion of restore ability
  V - an uncursed potion of sleeping
 Rings    ('=')
  y - an uncursed ring of see invisible (on left hand)
  D - an uncursed ring of warning (on right hand)
 Wands    ('/')
  z - a wand of create monster (0:12)
  l - a wand of digging (0:4)
  j - a wand of light (0:13)
  T - a wand of lightning (0:1)
  g - a wand of magic missile (0:3)
  o - a wand of sleep (0:8)
  I - a wand of striking (0:5)
  R - a wand of undead turning (0:7)
 Tools    ('(')
  v - a blessed greased bag of holding containing 61 items
  c - an uncursed magic lamp (lit)
  w - an uncursed magic whistle
  d - an uncursed skeleton key
  a - a blessed +0 unicorn horn
 Gems/Stones  ('*')
  e - a blessed luckstone

Contents of the bag of holding:
  8711 gold pieces
  an uncursed amulet of magical breathing
  an uncursed amulet of magical breathing
  an uncursed amulet of unchanging
  a cursed -1 pair of gauntlets of fumbling
  a cursed -1 pair of speed boots
  an uncursed +0 cloak of displacement
  an uncursed +0 elven cloak
  an uncursed +0 elven cloak
  an uncursed +0 Hawaiian shirt with a toucan motif
  an uncursed +0 set of gray dragon scales
  an uncursed +0 set of green dragon scales
  an uncursed +0 set of orange dragon scales
  an uncursed +0 set of red dragon scales
  an uncursed +0 set of yellow dragon scales
  3 uncursed tacos
  an uncursed C-ration
  an uncursed candy bar labeled "Apollo"
  an uncursed candy bar labeled "Wonka Bar"
  an uncursed clove of garlic
  an uncursed cream pie
  19 uncursed food rations
  an uncursed fortune cookie
  an uncursed K-ration
  an uncursed melon
  an uncursed scroll of amnesia
  2 uncursed scrolls of create monster
  an uncursed scroll of destroy armor
  a blessed scroll of enchant armor
  an uncursed scroll of enchant weapon
  2 uncursed scrolls of fire
  an uncursed scroll of identify
  an uncursed scroll of light
  a blessed scroll of remove curse
  an uncursed scroll of scare monster
  a blessed scroll of teleportation
  an uncursed spellbook of fireball
  an uncursed potion of extra healing
  an uncursed potion of healing
  2 blessed potions of object detection
  an uncursed potion of polymorph
  an uncursed potion of see invisible
  an uncursed potion of speed
  a potion of holy water
  a cursed ring of aggravate monster
  an uncursed ring of sustain ability
  a wand of create monster (0:15)
  a wand of create monster (0:5)
  a wand of digging (0:5)
  a wand of digging (0:4)
  a wand of lightning (0:7)
  a wand of magic missile (0:6)
  a wand of magic missile (0:0)
  a wand of sleep (0:7)
  a wand of slow monster (0:8)
  a wand of striking (0:0)
  a wand of teleportation (0:7)
  an uncursed blindfold
  a can of grease (0:9)
  a +0 pick-axe
  2 uncursed luckstones

DrabEmordnilap the Knight's attributes:

Background:
 You were a Sergeant, a level 12 male human Knight.
 You were lawful, on a mission for Lugh
 who was opposed by Brigit (neutral) and Manannan Mac Lir (chaotic).
 You were right-handed.
 You were in the Dungeons of Doom, on level 27.
 You entered the dungeon 21213 turns ago.
 You had 32864 experience points, 7136 more were needed to attain level 13.

Basics:
 You had 0 out of 106 hit points.
 You had all 109 energy points (spell power).
 Your armor class was -18.
 Your wallet was empty, but
 you had 8711 zorkmids stashed away in your pack.
 Autopickup was off.

Final Characteristics:
 Your strength was 18 (limit:18/100).
 Your dexterity was 11 (limit:18).
 Your constitution was 17 (limit:18).
 Your intelligence was 11 (base:7, limit:18).
 Your wisdom was 19 (base:15, innate limit:18).
 Your charisma was 17 (limit:18).

Final Status:
 You were flying.
 You were satiated.
 You were unencumbered.
 You were wielding two weapons at once.
 Your skill in long sword was limited by being skilled with two weapons.
 You were skilled in saber and two weapons.

Final Attributes:
 You were piously aligned.
 You were fire resistant.
 You were cold resistant.
 Your items were protected from cold.
 You were poison resistant.
 You were level-drain resistant.
 You saw invisible.
 You were telepathic.
 You were warned.
 You had automatic searching.
 You were stealthy.
 You could jump.
 You had slower digestion.
 You had a small defense bonus (+4).
 You were warded.
 You were fast.
 You were extremely lucky.
 You had extra luck.
 Good luck did not time out for you.
 You are dead (2nd time!).

Miscellaneous:
 You didn't encounter any bones levels.
 Total elapsed playing time was 6 hours, 53 minutes and 26 seconds.

Major events:
 Turn
    1: DrabEmordnilap the lawful male human Knight entered the dungeon
  590: attained the rank of Esquire (level 3)
 1678: was given Excalibur by the Lady of the Lake
 1874: entered the Gnomish Mines
 2005: attained the rank of Bachelor (level 6)
 2563: reached Mine Town
 4138: averted death (killed by a wolf)
 5553: was bestowed with Sunsword by Lugh
 7481: acquired the Mines' End luckstone
 7783: attained the rank of Sergeant (level 10)
 7839: was bestowed with Dragonbane by Lugh
 9458: entered Sokoban
 9704: completed 1st Sokoban level
 9977: completed 2nd Sokoban level
10399: completed 3rd Sokoban level
11241: completed 4th Sokoban level
11479: acquired the Sokoban bag of holding
14184: entered Home 1, the Quest
20641: killed Medusa
21213: killed by an Olog-hai

Spells:
 Name                 Level Category     Fail Retention
 detect food            2   divination    20%   51%-75%
 haste self             3   escape        80%  76%-100%
 wizard lock            2   matter        20%  76%-100%

Skills:
 Fighting Skills
   bare handed combat [Unskilled]
   two weapon combat  [Skilled]
   riding             [Basic]
 Weapon Skills
   dagger             [Unskilled]
   knife              [Unskilled]
   axe                [Unskilled]
   pick-axe           [Unskilled]
   short sword        [Unskilled]
   broadsword         [Unskilled]
   long sword         [Expert]
   two-handed sword   [Unskilled]
   saber              [Skilled]
   club               [Unskilled]
   mace               [Unskilled]
   morning star       [Unskilled]
   flail              [Unskilled]
   hammer             [Unskilled]
   polearms           [Unskilled]
   spear              [Unskilled]
   trident            [Unskilled]
   lance              [Basic]
   bow                [Unskilled]
   crossbow           [Unskilled]
 Spellcasting Skills
   attack spells      [Unskilled]
   healing spells     [Unskilled]
   clerical spells    [Unskilled]

Voluntary challenges:
 Character rerolling was not enabled.
 You never genocided any monsters.
 You used no wishes.
 You did not violate any of the special Sokoban rules.
Achievements:
 You entered a shop.
 You attained the rank of Esquire.
 You entered the Gnomish Mines.
 You attained the rank of Bachelor.
 You entered Minetown.
 You completed the Gnomish Mines.
 You attained the rank of Sergeant.
 You entered Sokoban.
 You completed Sokoban.
 You entered a temple.
 You defeated Medusa.

 The Dungeons of Doom: levels 1 to 27
    Level 1:
       A tree.
    Level 2: "temp stash"
       A tool shop, a fountain, a grave.
    Level 3:
       Stairs down to The Gnomish Mines.
    Level 4: "stash"
       An altar to Lugh, a fountain.
    Level 5:
       A general store.
    Level 6:
       Many fountains.
    Level 7:
       A fountain.
       Stairs up to Sokoban, level 6.
    Level 8:
       A fountain.
    Level 9:
       A fountain, a sink.
    Level 10:
       A temple and an altar, a fountain, a sink.
    Level 11:
       A fountain.
    Level 12:
       Summoned by King Arthur.
       Portal to The Quest.
    Level 13:
       A fountain, a grave.
    Level 14:
    Level 15: "stash"
       An altar to Lugh.
    Level 16:
       An altar to Lugh, a fountain.
    Level 17:
       A primitive area.
    Level 18:
       A general store, some fountains.
    Level 19:
       A temple and an altar to Lugh.
    Level 20:
       A throne, a fountain, a grave.
    Level 21:
       A temple and an altar, a fountain.
    Level 22:
       A throne.
    Level 23:
    Level 24:
       A sink.
    Level 25:
       A fountain.
    Level 26:
       A fountain, many trees.
    Level 27: <- You were here.
       A throne, a fountain.
       Final resting place for
          you, killed by an Olog-hai.
 The Gnomish Mines: levels 4 to 11
    Level 4:
    Level 5:
    Level 6:
    Level 7: "old stash"
       An altar to Lugh, a fountain.
    Level 8:
    Level 9:
    Level 10:
    Level 11:
 The Quest:
    Level 1:
       A throne.
       Home.
 Sokoban: levels 6 up to 3
    Level 3:
       Solved.
    Level 4:
       Solved.
    Level 5:
       Solved.
    Level 6:
       Solved.


Vanquished creatures:
    Medusa
  a storm giant
  a glass golem
  a gray dragon
  a gold dragon
  a red dragon
  a white dragon
 an orange dragon
  a green dragon
  a yellow dragon
 an Olog-hai
  2 genetic engineers
  3 liches
  a nurse
  2 lurkers above
  a frost giant
 an ettin
  a vampire
  2 lieutenants
  a ghost
  3 giant mimics
  2 long worms
  2 ogre tyrants
  2 ice trolls
  3 elven monarchs
  a doppelganger
  a large mimic
  5 stalkers
  a fire elemental
  a water elemental
  a giant mummy
  2 xorns
  3 sergeants
  8 wargs
  a winter wolf
  3 small mimics
  a warhorse
  2 xans
  3 ettin mummies
  2 ogre leaders
  2 quantum mechanics
  8 trolls
  a wood golem
  4 sharks
  a gelatinous cube
  a pyrolisk
  4 freezing spheres
  a flaming sphere
  a large cat
  2 tigers
  a dwarf ruler
  2 tengu
  3 ochre jellies
  6 leocrottas
  2 energy vortices
  a mountain centaur
  a stone giant
 an elf mummy
  a human mummy
  4 red nagas
  a pit viper
  4 ettin zombies
  a leather golem
  5 Grey-elves
 16 soldiers
 an amorous demon
  3 crocodiles
  2 giant beetles
  a quivering blob
  7 cockatrices
  4 wolves
  3 winter wolf cubs
  a lynx
  3 panthers
  2 gremlins
 29 leprechauns
 10 orc-captains
  2 iron piercers
  a mumak
  a scorpion
  3 horses
 an ice vortex
  a black light
  5 vampire bats
  2 forest centaurs
  a gnome ruler
  3 orc mummies
  3 dwarf mummies
 12 ogres
  2 brown puddings
  4 rust monsters
  4 owlbears
  2 yetis
  2 gold golems
  2 werewolves
  8 Green-elves
  4 giant eels
  6 lizards
  a dingo
  a dog
  2 housecats
  4 jaguars
  2 dwarf leaders
  a black unicorn
  3 dust vortices
 34 ravens
  8 plains centaurs
  3 gnome mummies
  4 snakes
  5 apes
  a human zombie
  3 rope golems
  6 Woodland-elves
  5 soldier ants
  4 fire ants
 23 bugbears
 13 quasits
  2 wood nymphs
  3 water nymphs
  3 mountain nymphs
 17 Mordor orcs
 15 Uruk-hai
  7 orc shamans
  2 rock piercers
  a rock mole
  2 ponies
  8 fog clouds
  5 yellow lights
  a shrieker
  6 violet fungi
 16 gnome leaders
  3 gnomish wizards
  a kobold mummy
  a guardian naga hatchling
  5 gray oozes
  4 elf zombies
  2 ghouls
  a straw golem
  a paper golem
  a jellyfish
 12 giant ants
  9 floating eyes
  3 kittens
  9 dwarves
  8 homunculi
  a kobold leader
  2 kobold shamans
 33 hill orcs
  7 rothes
  2 rabid rats
  3 centipedes
  2 giant bats
  3 monkeys
  7 orc zombies
  4 dwarf zombies
  3 wererats
  a werejackal
  7 iguanas
  6 killer bees
  4 acid blobs
  2 coyotes
  2 gas spores
  3 hobbits
  8 manes
  a large kobold
 18 hobgoblins
  2 orcs
  7 giant rats
  8 cave spiders
  a brown mold
  2 green molds
  2 red molds
 51 gnomes
  4 gnome zombies
  3 geckos
 13 jackals
  a fox
  3 kobolds
  6 goblins
  3 sewer rats
 10 grid bugs
  2 bats
  6 lichens
  a kobold zombie
  9 newts
805 creatures vanquished.

No species were genocided or became extinct.

Game over:
                       ----------
                      /          \
                     /    REST    \
                    /      IN      \
                   /     PEACE      \
                  /                  \
                  |  DrabEmordnilap  |
                  |     8711 Au      |
                  |   killed by an   |
                  |     Olog-hai     |
                  |                  |
                  |                  |
                  |       2026       |
                 *|     *  *  *      | *
        _________)/\\_//(\/(/\)/\//\/|_)_______

Fare thee well DrabEmordnilap the Knight...

You died in The Dungeons of Doom on dungeon level 27 with 182200 points,
and 8711 pieces of gold, after 21213 moves.
You were level 12 with a maximum of 106 hit points when you died.

